 Dungeon Crawl Stone Soup version 0.26-a0-597-gb535b0901c (webtiles) character file.

Game seed: 12437078681915625673

841 HoaS the Twirler (level 8, -1/58 HPs)
             Began as a Formicid Fighter on Aug 26, 2020.
             Slain by an ogre
             ... wielding a +0 giant spiked club
              (16 damage)
             ... on level 6 of the Dungeon.
             The game lasted 00:09:08 (4105 turns).

HoaS the Twirler (Formicid Fighter)                 Turns: 4105, Time: 00:09:08

Health: -1/58      AC: 13    Str: 28    XL:     8   Next: 19%
Magic:  8/8        EV:  6    Int:  9    God:
Gold:   334        SH: 12    Dex: 16    Spells: 7/7 levels left

rFire    . . .     SeeInvis +   a - +1 quarterstaff
rCold    . . .     Faith    .   c - +0 kite shield
rNeg     . . .     Spirit   .   b - +1 plate armour
rPois    .         Reflect  .   (helmet unavailable)
rElec    .         Harm     .   (no cloak)
rCorr    .                      g - +0 pair of gloves
MR       .....                  (no boots)
Stlth    ..........             (no amulet)
HPRegen  0.19/turn              f - +6 ring of dexterity
MPRegen  0.11/turn              k - +6 ring of strength

@: mighty
A: permanent stasis, dig shafts and tunnels, four strong arms, antennae 3
a: Dig, Shaft Self


You were on level 6 of the Dungeon.
You visited 1 branch of the dungeon, and saw 6 of its levels.

You collected 334 gold pieces.

Inventory:

Hand Weapons
 a - a +1 quarterstaff (weapon)
Armour
 b - a +1 plate armour (worn)
 c - a +0 kite shield (worn)
 g - a +0 pair of gloves (worn)
Jewellery
 f - a +6 ring of dexterity (left hand)
 k - a +6 ring of strength (right hand)
 l - a cursed ring of fire
Wands
 h - a wand of flame (2)
 i - a wand of disintegration (13)
Scrolls
 p - a scroll of remove curse
 q - a scroll of fear
Potions
 d - 2 potions of might
 e - 2 potions of haste {unknown}
 j - 2 potions of degeneration {unknown}
 m - a potion of stabbing {unknown}
 n - a potion of heal wounds {unknown}
 o - a potion of mutation {unknown}
 r - a potion of invisibility {unknown}


   Skills:
 - Level 3.2 Fighting
 * Level 7.4 Staves
 - Level 3.2 Armour
 + Level 6.9 Shields


You had 7 spell levels left.
You didn't know any spells.
Your spell library contained the following spells:

 Spells                   Type           Power        Failure   Level
 Magic Dart               Conj           #...         100%        1
 Call Imp                 Summ           #.......     100%        2
 Slow                     Hex            #.......     100%        2
 Confusing Touch          Hex            #.......     100%        3
 Conjure Flame            Conj/Fire      #.......     100%        3
 Gell's Gravitas          Tloc           #.........   100%        3
 Mephitic Cloud           Conj/Pois/Air  #.......     100%        3
 Petrify                  Tmut/Erth      #.......     100%        4
 Metabolic Englaciation   Hex/Ice        #.........   100%        5
 Yara's Violent Unravell  Hex/Tmut       #.........   100%        5
 Blink                    Tloc           Unusable     N/A         2

Dungeon Overview and Level Annotations

Branches:
Dungeon (6/15)
 Temple: D:4-7

Altars:
Hepliaklqana
Nemelex Xobeh
Uskayaw

Annotations:
D:5 Pikel


Innate Abilities, Weirdness & Mutations

You cannot be hasted, slowed, berserked, paralysed or teleported.
You can dig through walls and to a lower floor.
Your four strong arms can wield two-handed weapons with a shield.
You have a pair of large antennae on your head. (SInv)


Message History

You hit the orc priest.
The orc priest is almost dead.
The sky beast hits you. The sky beast shocks you.
You thump the orc priest!
You kill the orc priest!
You hear a splash. x2
You block the sky beast's attack.
An orc wizard comes into view. It is wielding a +0 dagger.
The orc wizard gestures wildly while chanting.
The orc wizard seems to speed up.
The sky beast hits you. The sky beast shocks you.
* * * LOW HITPOINT WARNING * * *
There is a stone staircase leading down here.
The orc wizard gestures wildly while chanting.
The orc wizard blinks!
You block the ogre's attack.
You climb downwards.
There is a stone staircase leading up here.
You feel very mighty all of a sudden.
The ogre hits you with a +0 giant spiked club!
You die...

##....## ..$...###
.. .......#...
#......#..
###........
####.....#..#
##.##.....#..# .
#......#.....#....
#.....####@.......
#..#### #..O......
#....#####....####
##...<.# ######
##....# #.##.# ###
.# .. #..


You could see an ogre.

Vanquished Creatures
  A phantom (D:4)
  An ogre (D:4)
  A scorpion (D:4)
  2 howler monkeys (D:5)
  3 jellies
  A hound (D:5)
  4 orc priests
  Terence (D:2)
  An iguana (D:4)
  An orc wizard (D:4)
  A worker ant (D:5)
  Robin (D:3)
  6 adders
  2 ufetubi (D:5)
  8 oozes (D:4)
  3 worms
  5 dart slugs
  A leopard gecko (D:4)
  7 orcs
  A ball python (D:2)
  7 bats
  A giant cockroach (D:2)
  12 goblins
  9 hobgoblins
  4 jackals
  A quokka (D:4)
  4 frilled lizards
  10 kobolds
  5 rats
104 creatures vanquished.

Vanquished Creatures (others)
  6 fungi (D:4)
  9 toadstools (D:4)
15 creatures vanquished.

Grand Total: 119 creatures vanquished

Notes
Turn   | Place    | Note
-------+----------+-------------------------------------------
     0 | D:1      | HoaS the Formicid Fighter began the quest for the Orb.
     0 | D:1      | Reached XP level 1. HP: 18/18 MP: 1/1
   137 | D:1      | Reached XP level 2. HP: 24/24 MP: 2/2
   260 | D:1      | Reached XP level 3. HP: 29/29 MP: 3/3
   273 | D:1      | Reached skill level 3 in Staves
   705 | D:2      | Noticed a +0 hand axe
   705 | D:2      | Noticed a +0 dagger
   708 | D:2      | Found a hide-covered altar of Uskayaw.
   751 | D:2      | Noticed Terence
   785 | D:2      | Killed Terence
   785 | D:2      | Reached XP level 4. HP: 32/35 MP: 4/4
  1533 | D:3      | Found a hazy altar of Hepliaklqana.
  1547 | D:3      | Reached skill level 4 in Staves
  1593 | D:3      | Noticed Robin
  1626 | D:3      | Reached XP level 5. HP: 38/41 MP: 5/5
  1640 | D:3      | Killed Robin
  2465 | D:3      | Reached skill level 5 in Shields
  2836 | D:4      | Reached skill level 5 in Staves
  2836 | D:4      | Reached XP level 6. HP: 33/47 MP: 6/6
  3247 | D:4      | Noticed an ogre
  3257 | D:4      | Killed an ogre
  3257 | D:4      | Reached skill level 6 in Staves
  3257 | D:4      | Reached XP level 7. HP: 46/52 MP: 7/7
  3627 | D:4      | Found a sparkling altar of Nemelex Xobeh.
  3790 | D:5      | Entered Level 5 of the Dungeon
  3903 | D:5      | Reached skill level 7 in Staves
  3903 | D:5      | Reached XP level 8. HP: 45/58 MP: 8/8
  4049 | D:5      | Noticed Pikel
  4105 | D:6      | Slain by an ogre

Illustrated notes

Levels and vault maps discovered:
D:1:      wander_arrival_peaceful_grave, layout_basic
D:2:      layout_loops_corners, dancing_weapons_uskayaw, uniq_terence
D:3:      layout_basic, old_standard_altar, uniq_robin
D:4:      cheibrodos_fertilizer, layout_basic, nicolae_overflow_crystal_walls
D:5:      minmay_spotlight, layout_loops_cross, kennysheep_mini,
          minmay_misc_feat_iff, minmay_crossroads, uniq_pikel
D:6:      layout_cave_pools, lemuel_round_altar, elyvilon_altar_4,
          old_standard_altar, grunt_qazlal_clouds,
          nicolae_dithmenos_shadow_blocks, doesnt_xom_only_xom, uniq_sigmund,
          uniq_grinder

Skill      XL: |  1  2  3  4  5  6  7 |
---------------+----------------------+-----
Shields        | 4 5 6 |  6.9
Staves         | 3 4 5 6 7 |  7.4
Fighting       | |  3.2
Armour         | |  3.2

Action                   |  1- 3 |  4- 6 |  7- 9 || total
-------------------------+-------+-------+-------++-------
Melee: Quarterstaff      |    83 |   171 |    97 ||   351
 Abil: Dig               |       |     2 |     2 ||     4
Evoke: Wand              |       |     2 |       ||     2
  Use: Scroll            |     4 |     3 |     4 ||    11
       Potion            |       |       |     1 ||     1
Armor: Scale mail        |    28 |       |       ||    28
       Chain mail        |       |    11 |       ||    11
       Plate armour      |       |    53 |    31 ||    84
Dodge: Dodged            |    21 |    21 |    10 ||    52
Block: Kite shield       |    40 |    75 |    45 ||   160

Table legend: (Time is in decaauts)
 A = Elapsed time spent in this place.
 B = Non-inter-level travel time spent in this place.
 C = Inter-level travel time spent in this place.
 D = Time resting spent in this place.
 E = Time spent auto-exploring this place.
 F = Levels seen in this place.
 G = Mean time per level.
                   A        B        C        D        E       F      G
               +--------+--------+--------+--------+--------+-----+--------+
         Total |   4150 |   4066 |     84 |    796 |   2368 |   6 |  691.7 |
       Dungeon |   4150 |   4066 |     84 |    796 |   2368 |   6 |  691.7 |
               +--------+--------+--------+--------+--------+-----+--------+

Top non-repeatable levels by time:
     D:3: 1328 daAuts
     D:4: 958 daAuts
     D:2: 890 daAuts
     D:1: 658 daAuts
     D:5: 300 daAuts
     D:6: 14 daAuts
